 Dungeon Crawl Stone Soup version 0.28-a0-1518-gbe868bca14 (webtiles) character file.

Game seed: 13381114193953053291

478 croobank the Sneak (level 7, 0/61 HPs)
             Began as an Octopode Summoner on Jan 16, 2022.
             Was an Initiate of Sif Muna.
             Killed from afar by an orc wizard (4 damage)
             ... with a puff of flame
             ... on level 5 of the Dungeon.
             The game lasted 00:25:15 (4804 turns).

croobank the Sneak (Octopode Summoner)              Turns: 4804, Time: 00:25:16

Health: 0/61       AC: 23    Str:  9    XL:     7   Next: 11%
Magic:  1/12       EV:  2    Int: 18    God:    Sif Muna [......]
Gold:   306        SH:  0    Dex: 12    Spells: 7/13 levels left

rFire   . . .      SeeInvis .   f - +0 short sword
rCold   . . .      Faith    .   (no shield)
rNeg    . . .      Spirit   .   (helmet currently unavailable)
rPois   +          Reflect  .   g - amulet of regeneration
rElec   .          Harm     .   k - ring of willpower
rCorr   .          Rampage  .   (no ring)
Will    +....      NoTele   +   (no ring)
Stlth   +++.......              (no ring)
HPRegen 1.00/turn               (no ring)
MPRegen 0.13/turn               (no ring)
                                (no ring)
                                (no ring)

@: tree-form (expiring)
A: stationary, stasis, torment immunity, boosted hp, almost no armour,
(amphibious), 8 rings, (camouflage 1), (gelatinous body 1), (nimble swimmer 1),
(tentacles)
a: Renounce Religion


You were on level 5 of the Dungeon.
You worshipped Sif Muna.
Sif Muna was noncommittal.
You were a tree.
You visited 1 branch of the dungeon, and saw 5 of its levels.

You collected 306 gold pieces.

Inventory:

Hand Weapons
 f - a +0 short sword (weapon)
Missiles
 a - 43 stones (quivered)
 b - 47 arrows
 i - 45 bolts
 r - 4 javelins
Jewellery
 g - an amulet of regeneration (around neck)
 k - a ring of willpower (left branch)
Wands
 j - a wand of acid (8)
 s - a wand of flame (6)
Scrolls
 l - 3 scrolls of magic mapping
 p - a scroll of fear {unknown}
Potions
 q - a potion of lignification


   Skills:
 + Level 4.1 Dodging
 + Level 5.7 Stealth
 + Level 3.7 Spellcasting
 + Level 5.3 Summonings


You had 7 spell levels left.
You knew the following spells:

 Your Spells              Type           Power      Damage    Failure   Level
a - Summon Small Mammal   Summ           88%        N/A       1%          1
b - Call Imp              Summ           22%        N/A       2%          2
c - Call Canine Familiar  Summ           22%        N/A       4%          3

Your spell library contained the following spells:

 Spells                   Type           Power      Damage    Failure   Level
 Summon Guardian Golem    Hex/Summ       13%        N/A       16%         3
 Dazzling Flash           Conj/Hex       6%         N/A       41%         3
 Summon Lightning Spire   Summ/Air       13%        N/A       45%         4
 Agony                    Necr           3%         N/A       99%         5
 Silence                  Hex/Air        1%         N/A       99%         5


Dungeon Overview and Level Annotations

Branches:
Dungeon (5/15)
 Temple: D:4-7

Altars:
Elyvilon
Makhleb
Nemelex Xobeh
Sif Muna
Trog
Uskayaw
Yredelemnul

Shops:
D:4 =

Annotations:
D:1 1 runed translucent door


Innate Abilities, Weirdness & Mutations

You are a tree.
Your roots penetrate the ground, keeping you stationary.
You cannot be teleported.
You are immune to unholy pain and torment.
Your maximum health is greatly increased.
You cannot wear most types of armour.
((You are amphibious.))
You can wear up to eight rings at the same time.
((Your skin changes colour to match your surroundings (Stealth+).))
((Your rubbery body absorbs attacks. (AC +1, EV +1)))
((You are camouflaged when in or above water. (Stealth+)))
((You have tentacles for arms and can constrict up to eight enemies at once.))


Message History

The adder bites you but does no damage.
Your crimson imp closely misses the gnoll.
Your hound closely misses the gnoll shaman.
The gnoll hits you but does no damage.
You closely miss something. The adder bites you but does no damage.
Your hound barely misses the gnoll shaman.
Something hits you but does no damage.
The gnoll shaman hits you but does no damage.
Your crimson imp hits the gnoll.
The adder bites you but does no damage. The gnoll hits you with a +0 club.
* * * LOW HITPOINT WARNING * * *
Your hound bites the gnoll shaman.
Something hits you but does no damage.
You miss something. Your punch misses something.
The gnoll shaman prays to its god.
The gnoll shaman is healed somewhat.
Your hound barely misses the gnoll shaman.
Your crimson imp hits the gnoll but does no damage.
The adder bites you but does no damage. The gnoll hits you but does no damage.
You hear some strange, mumbled words.
A magic dart appears from out of thin air!
The magic dart hits you but does no damage.
The gnoll shaman hits you but does no damage.
You closely miss something.
Your hound closely misses the gnoll shaman.
The adder bites you but does no damage.
Your crimson imp hits the gnoll.
Your hound bites the gnoll shaman but does no damage.
The gnoll hits you but does no damage. Something hits you but does no damage.
The gnoll shaman hits you with a +0 whip.
* * * LOW HITPOINT WARNING * * *
The adder bites you.
* * * LOW HITPOINT WARNING * * *
As you read the scroll labelled YMPOZO FOATE, it crumbles to dust.
You cannot blink because you are held in place by your roots.
It was a scroll of blinking.
Your hound bites the gnoll shaman.
Your crimson imp hits the gnoll.
The gnoll hits you but does no damage. The adder barely misses you.
You hear a zap.
A puff of flame appears from out of thin air!
The puff of flame hits you.
You die...

*,,,,***.....#**,,*##*
,,,,**,**...#*∩**,...###*
,,,###+###.###+###......**
,,,.........!...........,**
******#.................,,*
#######.................,,*
......<.................,,*
.........[.....{gS......,,*
#######.......?5♣)).....,,*
,*****#.........hg......,**
,,**............$....[:>**
,,,...##################*
***#..*** ***.,,,,**
,,,,***,,* ***** **,** *
*,,***


You could see a gnoll shaman (ally target), a gnoll, an adder (ally target), a
friendly hound (summoned) and a friendly crimson imp (summoned).

Vanquished Creatures
  4 orc wizards
  2 adders
  An ufetubus (D:4)
  A worm (D:2)
  A dart slug (D:3)
  8 ball pythons
  6 bats
  4 endoplasms
  5 giant cockroaches
  5 goblins
  A frilled lizard (D:3)
  8 kobolds
  4 rats (D:2)
50 creatures vanquished.

Vanquished Creatures (collateral kills)
  2 black bears
  A water moccasin skeleton (D:4)
  A jelly (D:4)
  2 gnolls (D:5)
  An adder (D:4)
  An orc (D:4)
  A bat (D:1)
  An endoplasm (D:2)
  A giant cockroach (D:3)
  A kobold (D:3)
  A quokka (D:4)
  2 rats (D:1)
15 creatures vanquished.

Grand Total: 65 creatures vanquished

Notes
Turn   | Place    | Note
-------+----------+-------------------------------------------
     0 | D:1      | croobank the Octopode Summoner began the quest for the Orb.
     0 | D:1      | Reached XP level 1. HP: 11/11 MP: 3/3
     1 | D:1      | Found a runed translucent door.
   301 | D:1      | Reached XP level 2. HP: 3/17 MP: 0/5
  1496 | D:1      | Reached XP level 3. HP: 19/21 MP: 6/6
  1596 | D:1      | Found a faded altar of an unknown god.
  2578 | D:3      | Found a sparkling altar of Nemelex Xobeh.
  2862 | D:3      | Reached XP level 4. HP: 27/27 MP: 7/7
  2865 | D:3      | Learned a level 2 spell: Call Imp
  2869 | D:3      | Learned a level 3 spell: Call Canine Familiar
  3401 | D:4      | HP: 1/27 [water moccasin skeleton (8)]
  3413 | D:4      | Reached XP level 5. HP: 2/31 MP: 4/9
  3823 | D:4      | Found a bloodstained altar of Trog.
  3980 | D:4      | Found a basalt altar of Yredelemnul.
  4041 | D:4      | Found Ricwasy's Jewellery Boutique.
  4043 | D:4      | Noticed a black bear
  4054 | D:4      | Killed a black bear
  4118 | D:4      | Reached XP level 6. HP: 34/36 MP: 10/10
  4375 | D:4      | Reached skill level 5 in Stealth
  4375 | D:4      | Reached skill level 5 in Summonings
  4440 | D:4      | Found a shimmering blue altar of Sif Muna.
  4467 | D:4      | Became a worshipper of Sif Muna the Loreminder
  4533 | D:4      | Found a white marble altar of Elyvilon.
  4533 | D:4      | Found a hide-covered altar of Uskayaw.
  4533 | D:4      | Found a burning altar of Makhleb.
  4712 | D:5      | Entered Level 5 of the Dungeon
  4717 | D:5      | Noticed a black bear
  4737 | D:5      | Killed a black bear
  4761 | D:5      | Reached XP level 7. HP: 41/41 MP: 3/12
  4803 | D:5      | HP: 3/61 [adder (1)]
  4804 | D:5      | Killed from afar by an orc wizard

Illustrated notes

Levels and vault maps discovered:
D:1:      dpeg_arrival_caged_fury, layout_basic,
          ebering_ecumenical_altar_sacrificial
D:2:      layout_basic, hangedman_decor_clover_reticule,
          minmay_misc_feat_rugged, grunt_decor_one_mirror, minmay_misc_feat_room
D:3:      cheibrodos_old_hovel, layout_basic, old_standard_altar
D:4:      layout_basic, kennysheep_orc_sif_temple, amcnicky_altar_gilded,
          mainiacjoe_overflow_six_doors_small,
          chequers_temple_overflow_statue_of_worship, serial_park_tiny_2,
          minmay_shop_enchanted_jewellery
D:5:      layout_rooms, zin_statuary, nicolae_ossuary_entry_giza,
          hangedman_abyss_or_decor_passed, kennysheep_generic_room_4

Skill      XL: |  1  2  3  4  5  6 |
---------------+-------------------+-----
Stealth        | 3 4 5 |  5.7
Dodging        | 3 4 |  4.1
Spellcasting   | 3 |  3.7
Summonings     | 5 |  5.3

Action                   |  1- 3 |  4- 6 |  7- 9 || total
-------------------------+-------+-------+-------++-------
Melee: Unarmed           |    91 |       |       ||    91
       Constrict         |    32 |     6 |       ||    38
       Tentacles         |    24 |     6 |       ||    30
       Short sword       |    10 |    47 |    33 ||    90
Throw: Javelin           |       |     2 |       ||     2
 Cast: Summon Small Mamm |    16 |    12 |     1 ||    29
       Call Canine Famil |       |     8 |     1 ||     9
       Call Imp          |       |     6 |     2 ||     8
  Use: Scroll            |     6 |     1 |     6 ||    13
       Potion            |       |     2 |     1 ||     3
 Stab: Sleeping          |    10 |     3 |       ||    13
Armor: Skin              |    14 |     5 |   161 ||   180
Dodge: Dodged            |    71 |    38 |     9 ||   118

Table legend: (Time is in decaauts)
 A = Elapsed time spent in this place.
 B = Non-inter-level travel time spent in this place.
 C = Inter-level travel time spent in this place.
 D = Time resting spent in this place.
 E = Time spent auto-exploring this place.
 F = Levels seen in this place.
 G = Mean time per level.
                   A        B        C        D        E       F      G
               +--------+--------+--------+--------+--------+-----+--------+
         Total |   4813 |   4733 |     80 |    857 |   2769 |   5 |  962.6 |
       Dungeon |   4813 |   4733 |     80 |    857 |   2769 |   5 |  962.6 |
               +--------+--------+--------+--------+--------+-----+--------+

Top non-repeatable levels by time:
     D:1: 1559 daAuts
     D:4: 1321 daAuts
     D:3: 971 daAuts
     D:2: 865 daAuts
     D:5: 96 daAuts
